 Dungeon Crawl Stone Soup version 0.19.1 (console) character file.

30 Jesseh the Chiller (level 3, 0/24 HPs)
             Began as a Merfolk Ice Elementalist on Nov 23, 2016.
             Slain by Terence
             ... wielding a +2 hand axe of electrocution
              (7 damage)
             ... on level 2 of the Dungeon.
             The game lasted 00:04:58 (891 turns).

Jesseh the Chiller (Merfolk Ice Elementalist)        Turns: 891, Time: 00:04:58

Health: 0/24       AC:  2    Str:  8    XL:     3   Next: 18%
Magic:  2/7        EV: 13    Int: 14    God:
Gold:   19         SH:  0    Dex: 15    Spells: 2 memorised, 4 levels left

rFire  . . .     SeeInvis .     e - +0 dagger (speed)
rCold  . . .     Gourm    .     a - +0 robe
rNeg   . . .     Faith    .     (no shield)
rPois  .         Spirit   .     (no helmet)
rElec  .         Reflect  .     (no cloak)
rCorr  .         Harm     .     (no gloves)
MR     .....                    (no boots)
Stlth  ++........               (no amulet)
                                (no ring)
                                (no ring)

@: very slightly contaminated
A: change form in water, swift swim, stealthy swim
a: no special abilities


You were on level 2 of the Dungeon.
You were not hungry.

You visited 1 branch of the dungeon, and saw 2 of its levels.

You collected 19 gold pieces.

Inventory:

Hand Weapons
 e - a +0 dagger of speed (weapon)
   (You found it on level 1 of the Dungeon)
Armour
 a - a +0 robe (worn)
 l - a +0 plate armour
   (You found it on level 1 of the Dungeon)
Scrolls
 f - 2 scrolls of immolation {unknown}
 g - a scroll of enchant weapon {unknown}
 i - 2 scrolls of recharging {unknown}
 j - a scroll of teleportation {unknown}
 k - a scroll of remove curse {unknown}
 m - a scroll of fog {unknown}
Potions
 d - a potion of cure mutation {unknown}
 h - a potion of curing {unknown}
 n - a potion of haste {unknown}
 p - a potion of heal wounds {unknown}
Books
 b - a book of Frost
Comestibles
 c - a bread ration
 o - 3 chunks of flesh


   Skills:
 - Level 2.6 Dodging
 - Level 2.1 Stealth
 - Level 3.0 Spellcasting
   Level 0.7 Conjurations
 * Level 0.2 Charms
 + Level 3.7 Ice Magic


You had 4 spell levels left.
You knew the following spells:

 Your Spells              Type           Power        Failure   Level  Hunger
a - Freeze                Ice            ##..         6%          1    #......
b - Ozocubu's Armour      Chrm/Ice       #.......     30%         3    ###....


Dungeon Overview and Level Annotations

Branches:
Dungeon (2/15)

Altars:

Annotations:
D:2 Natasha, Terence


Message History

You freeze the kobold. The kobold closely misses you.
Aim: a kobold, wielding a short sword (severely wounded)
You freeze the kobold.
You kill the kobold!
You have reached level 3!
Your experience leads to an increase in your attributes!
Increase (S)trength, (I)ntelligence, or (D)exterity?
You feel agile.
You start resting.
Some of the chunks of flesh in your inventory have rotted away.
All of the chunks of flesh in your inventory have rotted away.
Search for what [Enter for "polearm", or ? for help]? polearm Can't find anything matching that.
Things that are here:
a short sword; 2 stones; a kobold skeleton You see here a stone.
You see here a stone.
A long sword.
The floor.
A bat comes into view.
Found an escape hatch in the floor.
You see here a purple potion.
d - a purple potion The bat closely misses you.
The bat hits you but does no damage.
Aim: a bat You freeze the bat.
You kill the bat!
A goblin comes into view. It is wielding a club.
The goblin shouts!
Aim: a goblin, wielding a club You freeze the goblin.
You kill the goblin!
Your Spellcasting skill increases to level 3!
Things that are here:
a club; a goblin corpse You butcher the goblin corpse.
o - 2 chunks of flesh You see here a club.
Memorise Ozocubu's Armour, consuming 3 spell levels and leaving 4?
You start memorising the spell.
You continue memorising. x3
You finish memorising.
Spell assigned to 'b'.
There is an escape hatch in the floor here.
A frilled lizard comes into view.
The frilled lizard hisses angrily.
You see here a metallic sapphire potion.
p - a metallic sapphire potion The frilled lizard closely misses you.
Aim: a frilled lizard You freeze the frilled lizard.
The frilled lizard seems to slow down.
The frilled lizard is no longer moving slowly.
The frilled lizard bites you but does no damage.
Aim: a frilled lizard (heavily wounded)
You freeze the frilled lizard.
You kill the frilled lizard!
Found a stone staircase leading down.
A bat comes into view.
The bat hits you. The bat closely misses you.
You closely miss the bat. The bat hits you.
Aim: a bat You freeze the bat.
You kill the bat!
Search for what [Enter for "polearm", or ? for help]? altar Can't find anything matching that.
A rat comes into view.
A rat comes into view.
Aim: a rat (resting)
You freeze the rat. The rat closely misses you.
Aim: a rat (severely wounded)
You freeze the rat.
You kill the rat!
A rat comes into view.
The rat closely misses you.
Aim: a rat You freeze the rat.
You kill the rat!
The rat completely misses you.
Aim: a rat You freeze the rat.
You kill the rat!
You see here a rat corpse.
You butcher the rat corpse.
o - 3 chunks of flesh (gained 1)
You see here a rat skeleton.
Terence the Incautious comes into view.
He is wielding a hand axe of electrocution.
Terence shouts!
Aim: Terence, wielding a hand axe of electrocution and wearing a glowing chain mail You freeze Terence.
Terence resists.
Terence hits you with a hand axe of electrocution.
Aim: Terence, wielding a hand axe of electrocution and wearing a glowing chain mail (lightly wounded)
You miscast Freeze.
You are very lightly contaminated with residual magic.
Nothing appears to happen.
Terence hits you with a hand axe of electrocution!
You are electrocuted!
* * * LOW HITPOINT WARNING * * *
Aim: Terence, wielding a hand axe of electrocution and wearing a glowing chain mail (lightly wounded)
You freeze Terence.
Terence resists.
Terence hits you with a hand axe of electrocution!
You die...

▒▒.▒▒.▒ ▒▒...▒.▒
......▒ .....▒
▒▒▒▒▒▒▒▒▒ ▒.▒▒.▒
▒......(▒ ▒.▒▒.▒
▒.......▒ ▒....▒
▒.......▒
▒.▒▒▒▒▒@▒▒▒.......▒
▒.....m..▒▒.......▒
▒▒▒▒▒▒.▒.▒▒.......▒.
▒....÷.........
▒▒.▒▒▒▒.▒▒▒▒▒▒▒
▒.▒▒▒▒.▒ ▒▒▒▒▒▒▒▒▒
▒...▒▒.▒▒▒▒▒▒
....▒...▒▒
▒.▒.........▒
▒▒▒..▒▒▒.▒▒
▒.▒▒▒..▒▒▒▒.▒
▒.▒.▒▒▒▒▒.▒▒▒▒▒
▒......▒▒▒▒.▒▒▒..


You could see Terence.

Vanquished Creatures
  A leopard gecko (D:1)
  4 bats
  A giant cockroach (D:1)
  4 goblins
  5 hobgoblins (D:1)
  3 kobolds
  A quokka (D:2)
  A frilled lizard (D:2)
  5 rats
25 creatures vanquished.

Notes
Turn   | Place    | Note
-------+----------+-------------------------------------------
     0 | D:1      | Jesseh the Merfolk Ice Elementalist began the quest for the Orb.
     0 | D:1      | Reached XP level 1. HP: 13/13 MP: 3/3
   130 | D:1      | Reached XP level 2. HP: 19/19 MP: 0/5
   404 | D:2      | Noticed Natasha
   509 | D:2      | HP: 2/19 [kobold/short sword (4)]
   511 | D:2      | Reached XP level 3. HP: 3/24 MP: 4/7
   818 | D:2      | Reached skill level 3 in Spellcasting
   826 | D:2      | Learned a level 3 spell: Ozocubu's Armour
   883 | D:2      | Noticed Terence
   886 | D:2      | HP: 6/24 [Terence/hand axe of electrocution (10)]
   891 | D:2      | Slain by Terence

Skill      XL: |  1  2  3 |
---------------+----------+-----
Spellcasting   | 3 |  3.0
Dodging        | |  2.6
Stealth        | |  2.1
Conjurations   | |  0.7
Charms         | |  0.2
Ice Magic      | |  3.7

Action                   || total
-------------------------++-------
Melee: Dagger            ||     4
 Cast: Freeze            ||    37
Armor: Robe              ||     2
Dodge: Dodged            ||    18

Vault maps used:
D:1:      dpeg_arrival_pond
D:2:      nicolae_tso_swordbearing_angel, uniq_natasha, uniq_sigmund, uniq_iyjb,
          uniq_terence

Table legend:
 A = Turns spent in this place as a percentage of turns spent in the entire game.
 B = Non-inter-level travel turns spent in this place as a percentage of non-inter-level travel turns spent in the entire game.
 C = Inter-level travel turns spent in this place as a percentage of turns spent in this place.
 D = Turns resting spent in this place as a percentage of non-inter-level travel turns spent in this place.
 E = Turns spent auto-exploring this place as a percentage of non-inter-level travel turns spent in this place.
 F = Non-inter-level travel turns spent in this place divided by the number of levels of this place that you've seen.
                   A       B       C       D       E      F
               +-------+-------+-------+-------+-------+----------------------
         Total | 100.0 | 100.0 |   0.8 |   3.1 |   7.8 | 127.5
       Dungeon | 100.0 | 100.0 |   0.8 |   3.1 |   7.8 | 127.5
               +-------+-------+-------+-------+-------+----------------------

Table legend:
 A = Kills in this place as a percentage of kills in entire the game.
 B = Kills by you in this place as a percentage of kills by you in the entire game.
 C = Kills by friends in this place as a percentage of kills by friends in the entire game.
 D = Other kills in this place as a percentage of other kills in the entire game.
 E = Experience gained in this place as a percentage of experience gained in the entire game.
 F = Experience gained in this place divided by the number of levels of this place that you have seen.
                   A       B       C       D       E      F
               +-------+-------+-------+-------+-------+----------------------
         Total | 100.0 | 100.0 |  -nan |  -nan | 100.0 |  21.5
       Dungeon | 100.0 | 100.0 |  -nan |  -nan | 100.0 |  21.5
               +-------+-------+-------+-------+-------+----------------------
